 Dungeon Crawl Stone Soup version 0.29.0-4-gdea44cf6ec (webtiles) character file.

Game seed: 9463383211051707506

9 qw the Firebug (level 2, -1/23 HPs)
             Began as a Ghoul Fire Elementalist on Aug 29, 2022.
             Slain by a kobold
             ... wielding a +0 dagger
              (3 damage)
             ... on level 1 of the Dungeon.
             The game lasted 00:00:21 (605 turns).

qw the Firebug (Ghoul Fire Elementalist)             Turns: 605, Time: 00:00:22

Health: -1/23      AC:  2    Str: 11    XL:     2   Next: 12%
Magic:  3/3        EV: 12    Int: 10    God:
Gold:   27         SH:  0    Dex:  9    Spells: 3/4 levels left

rFire   . . .      SeeInvis .     - Unarmed
rCold   + . .      Faith    .   (no shield)
rNeg    + + +      Spirit   .   a - +0 robe
rPois   inf        Reflect  .   (no helmet)
rElec   .          Harm     .   (no cloak)
rCorr   .          Rampage  .   (no gloves)
Will    .....                   (no boots)
Stlth   ++........              (no amulet)
HPRegen 0.00/turn               (no ring)
MPRegen 0.08/turn               (no ring)

@: inhibited regen
A: claws 1, cold resistance 1, negative energy resistance 3, inhibited
regeneration, torment resistance 2, devour on kill
a: no special abilities


You were on level 1 of the Dungeon.
You visited 1 branch of the dungeon, and saw 1 of its levels.

You collected 27 gold pieces.


Innate Abilities, Weirdness & Mutations

You are immune to poison.
You have sharp fingernails.
Your flesh is cold resistant. (rC+)
You are immune to negative energy. (rN+++)
You do not regenerate when monsters are visible.
You are immune to unholy pain and torment.
You thrive by killing the living.


   Skills:
 - Level 1.2 Fighting
 - Level 1.7 Dodging
 - Level 2.1 Stealth
 + Level 1.2 Unarmed Combat
 - Level 1.7 Spellcasting
 - Level 0.7 Conjurations
 - Level 2.4 Fire Magic


You had 3 spell levels left.
You knew the following spells:

 Your Spells              Type           Power      Damage    Failure   Level
a - Foxfire               Conj/Fire      16%        2x1d4     17%         1

Your spell library contained the following spells:

 Spells                   Type           Power      Damage    Failure   Level
 Scorch                   Fire           10%        2d6       19%         2
 Conjure Flame            Conj/Fire      4%         6-21      45%         3
 Inner Flame              Hex/Fire       3%         N/A       52%         3
 Flame Wave               Conj/Fire      4%         2d5       86%         4

Inventory:

Armour
 a - a +0 robe (worn)
 c - a +0 scale mail
Scrolls
 e - a scroll of enchant weapon {unknown}
Potions
 b - a potion of magic
 d - a potion of attraction {unknown}

Dungeon Overview and Level Annotations

Branches:
Dungeon (1/15)

Altars:


Message History

The kobold hits you with a +0 dagger.
A ball python comes into view.
593 ||| Stepping ~*~*~tactically~*~*~ (outnumbered).
The kobold attacks as you move away! The kobold hits you with a +0 dagger.
594 ||| Stepping ~*~*~tactically~*~*~ (outnumbered).
The goblin shouts!
You scratch the goblin.
The goblin is severely wounded.
The goblin hits you but does no damage. The kobold misses you.
You barely miss the goblin.
The goblin is severely wounded.
The goblin closely misses you. The kobold hits you but does no damage.
A dart slug comes into view.
You scratch the goblin.
You kill the goblin!
You feel better. The kobold barely misses you.
You scratch the goblin but do no damage.
The kobold hits you with a +0 dagger. The goblin hits you but does no damage.
You scratch the goblin.
You kill the goblin!
The kobold hits you with a +0 dagger.
Your Fighting skill increases to level 1!
You have reached level 2!
You barely miss the kobold. The kobold closely misses you.
You closely miss the kobold. The ball python misses you.
The ball python grabs you. The ball python constricts you.
The kobold hits you with a +0 dagger.
You scratch the ball python but do no damage.
The ball python closely misses you. The ball python constricts you.
The kobold hits you with a +0 dagger.
You scratch the ball python.
You kill the ball python!
The kobold closely misses you.
You scratch the kobold but do no damage.
The kobold barely misses you.
You closely miss the kobold. The kobold hits you with a +0 dagger.
You die...

################
.........>.....#
#########.####%#
#.# #.#
##.####.###
........)@#
(.......K.#
.......w(.#
..........#
..........#
..........#
..........#
##........#


You could see a dart slug and a kobold.

Vanquished Creatures
  A giant cockroach (D:1)
  3 goblins (D:1)
  3 ball pythons (D:1)
  A frilled lizard (D:1)
8 creatures vanquished.

Notes
Turn   | Place    | Note
-------+----------+-------------------------------------------
     0 | D:1      | qw the Ghoul Fire Elementalist began the quest for the Orb.
     0 | D:1      | Reached XP level 1. HP: 14/14 MP: 2/2
     0 | D:1      | 0 ||| qw: Version: 0.1-a-90-g952f4b7
     0 | D:1      | 0 ||| qw: Game counter: 4111
     0 | D:1      | 0 ||| qw: Always use a shield: true
     0 | D:1      | 0 ||| qw: God list: Okawaru
     0 | D:1      | 0 ||| qw: Allow faded altars: false
     0 | D:1      | 0 ||| qw: Do Orc after D:15 true
     0 | D:1      | 0 ||| qw: Do second Lair branch before Depths: true
     0 | D:1      | 0 ||| qw: Lair rune preference: random
     0 | D:1      | 0 ||| qw: Plans: Normal
     0 | D:1      | 0 ||| PLANNING D:1-11
   354 | D:1      | Reached skill level 1 in Unarmed Combat
   593 | D:1      | 593 ||| Stepping ~*~*~tactically~*~*~ (outnumbered).
   594 | D:1      | 594 ||| Stepping ~*~*~tactically~*~*~ (outnumbered).
   600 | D:1      | Reached skill level 1 in Fighting
   600 | D:1      | Reached XP level 2. HP: 6/23 MP: 3/3
   601 | D:1      | HP: 5/23 [constriction (1)]
   602 | D:1      | HP: 2/23 [kobold/+0 dagger (2)]
   605 | D:1      | Slain by a kobold

Levels and vault maps discovered:
D:1:      dpeg_arrival_fog, layout_basic, hellmonk_ecumenical_altar_crossroads,
          minmay_misc_feat_rows

Skill      XL: |  1 |
---------------+----+-----
Unarmed Combat | 1 |  1.2
Fighting       | 1 |  1.2
Dodging        | |  1.7
Stealth        | |  2.1
Spellcasting   | |  1.7
Conjurations   | |  0.7
Fire Magic     | |  2.4

Action                   || total
-------------------------++-------
Melee: Unarmed           ||    40
Armor: Robe              ||     9
Dodge: Dodged            ||    23

Table legend:
 A = Non-vault XP
 B = Vault XP
 C = Vault XP percentage of total XP
 D = Non-vault monster count
 E = Vault monster count
 F = Vault count percentage of total count
                 A         B        C        D         E       F
            +---------+---------+-------+---------+---------+-------
      Total |      13 |       0 |   0.0 |       8 |       0 |   0.0
            +---------+---------+-------+---------+---------+-------
        D:1 |      13 |       0 |   0.0 |       8 |       0 |   0.0
            +---------+---------+-------+---------+---------+-------
